 Dungeon Crawl Stone Soup version 0.21.1-1-g345015f (webtiles) character file.

2629 n0claF the Quickloader (level 9, -2/79 HPs)
             Began as a Centaur Hunter on June 25, 2018.
             Was an Elder of Okawaru.
             Slain by a killer bee (6 damage)
             ... on level 8 of the Dungeon.
             The game lasted 00:21:36 (8170 turns).

n0claF the Quickloader (Centaur Hunter)             Turns: 8170, Time: 00:21:37

Health: -2/79      AC: 10    Str: 16    XL:     9   Next: 35%
Magic:  9/9        EV:  6    Int: 10    God:    Okawaru [****..]
Gold:   414        SH:  0    Dex: 12    Spells: 8/8 levels left

rFire    + . .     SeeInvis .   a - +0 arbalest
rCold    . . .     Gourm    .   (shield currently unavailable)
rNeg     . . .     Faith    +   w - +0 chain mail {rF+}
rPois    .         Spirit   .   H - +2 helmet
rElec    .         Reflect  .   (no cloak)
rCorr    .         Harm     .   (no gloves)
MR       .....                  (no barding)
Stlth    ..........             r - amulet of faith {!P}
HPRegen  0.23/turn              (no ring)
MPRegen  0.11/turn              (no ring)

@: lethally poisoned (-2 -> -34), very quick
A: large, hooves 3, deformed body, speed 2, tough skin 3
a: Heroism, Renounce Religion


You were on level 8 of the Dungeon.
You worshipped Okawaru.
Okawaru was greatly pleased with you.
You were not hungry.

You visited 2 branches of the dungeon, and saw 9 of its levels.

You collected 414 gold pieces.

Inventory:

Hand Weapons
 a - a +0 arbalest (weapon)
   (You found it on level 5 of the Dungeon)
 b - a +0 shortbow
   (You took it off a centaur on level 5 of the Dungeon)
 y - a +0 short sword of venom
   (You took it off a kobold on level 1 of the Dungeon)
Missiles
 h - 91 arrows
 E - 58 bolts (quivered)
Armour
 w - a +0 chain mail of fire resistance (worn)
   (You took it off Terence on level 3 of the Dungeon)
 H - a +2 helmet (worn)
   (You found it on level 2 of the Dungeon)
Jewellery
 r - an amulet of faith (around neck) {!P}
   (You found it on level 3 of the Dungeon)
 J - a +4 amulet of reflection {unknown}
   (You found it on level 7 of the Dungeon)
Wands
 c - a wand of disintegration (8) {!d}
   (You found it on level 7 of the Dungeon)
 d - a wand of iceblast (5)
   (You found it on level 3 of the Dungeon)
 t - a wand of flame (30)
   (You found it on level 7 of the Dungeon)
 u - a wand of paralysis (16)
   (You found it on level 6 of the Dungeon)
Scrolls
 j - a scroll of random uselessness {unknown}
 m - 12 scrolls of identify {unknown}
 q - 2 scrolls of remove curse {@r2}
 s - 2 scrolls of enchant weapon {unknown}
 B - 3 scrolls of teleportation {unknown}
 C - 4 scrolls of immolation {unknown}
 F - a scroll of fear {unknown}
 G - a scroll of silence {unknown}
 I - a scroll of blinking {unknown}
Potions
 f - 2 potions of berserk rage {unknown}
 g - 3 potions of invisibility {unknown}
 k - 7 potions of curing {unknown}
 l - a potion of flight {unknown}
 n - a potion of ambrosia {unknown}
 o - a potion of mutation {unknown}
 p - a potion of magic {unknown}
 v - a potion of heal wounds {unknown}
 z - 2 potions of lignification {unknown}
 A - a potion of brilliance {unknown}
 D - 2 potions of might {unknown}
Books
 i - a book of Cantrips
   (You found it on level 6 of the Dungeon)
Comestibles
 e - 16 rations {!d}


   Skills:
 + Level 7.1 Fighting
 + Level 5.8 Bows
 + Level 8.8 Crossbows
 + Level 5.4 Dodging
 - Level 0.4 Stealth


You had 8 spell levels left.
You didn't know any spells.

Dungeon Overview and Level Annotations

Branches:
Dungeon (8/15)             Temple (1/1) D:4
   Lair: D:8-11

Altars:
Ashenzari
Cheibriados
Dithmenos
Elyvilon
Fedhas
Gozag
Hepliaklqana
Makhleb
Nemelex Xobeh
Okawaru
Qazlal
Ru
Sif Muna
Trog
Uskayaw
Wu Jian
Xom
Yredelemnul
Zin
The Shining One

Shops:
D:7 }


Innate Abilities, Weirdness & Mutations

You have hooves in place of feet.
Armour fits poorly on your strangely shaped body.
You cover ground very quickly.
You have extremely tough skin. (AC +3)


Message History

The killer bee stings you but does no damage. x2
The killer bee stings you!
* * * LOW HITPOINT WARNING * * *
You are too injured to fight recklessly!
Unknown command.
You are too injured to fight recklessly!
Aim: a killer bee You shoot a bolt.
The bolt closely misses the killer bee.
You feel sick.
The killer bee stings you but does no damage.
The killer bee stings you.
* * * LOW HITPOINT WARNING * * *
You are more poisoned.
The killer bee poisons you! The killer bee barely misses you.
Aim: a killer bee You shoot a bolt.
The bolt closely misses the killer bee.
You feel very sick.
The killer bee stings you but does no damage.
The killer bee barely misses you. The killer bee stings you.
* * * LOW HITPOINT WARNING * * *
You are more poisoned.
The killer bee poisons you!
Aim: a killer bee You shoot a bolt.
The bolt barely misses the killer bee.
* * * LOW HITPOINT WARNING * * *
You feel very sick.
The killer bee stings you but does no damage.
The killer bee closely misses you. The killer bee barely misses you.
Aim: a killer bee You shoot a bolt.
The bolt misses the killer bee.
* * * LOW HITPOINT WARNING * * *
You feel very sick. The killer bee stings you.
* * * LOW HITPOINT WARNING * * *
The killer bee stings you but does no damage. x2
Aim: a killer bee You shoot a bolt.
The bolt hits the killer bee!
* * * LOW HITPOINT WARNING * * *
You feel sick. The killer bee completely misses you. The killer bee stings you.
* * * LOW HITPOINT WARNING * * *
You are more poisoned.
The killer bee poisons you! The killer bee stings you.
* * * LOW HITPOINT WARNING * * *
You are more poisoned.
The killer bee poisons you!
Aim: a killer bee (severely wounded)
You shoot a bolt. The bolt barely misses the killer bee.
* * * LOW HITPOINT WARNING * * *
You feel very sick. The killer bee barely misses you.
The killer bee stings you.
You die...

#### ...
###.(
.... #..
#.# #@#
......(y#
#######.#
#(. #$#
#(# #(.
.(.


You could see a killer bee.

Vanquished Creatures
  Prince Ribbit (D:7)
  Sigmund (D:6)
  A hippogriff (D:7)
  A black bear (D:7)
  2 phantoms
  An ogre (D:4)
  2 centaurs (D:5)
  A big kobold (D:7)
  A bullfrog (D:3)
  A wyvern zombie (D:7)
  2 scorpions
  4 killer bees (D:8)
  2 howler monkeys (D:4)
  A crimson imp (D:7)
  2 bullfrog zombies (D:7)
  3 centaur zombies
  A jelly (D:5)
  5 orc wizards
  A bullfrog skeleton (D:4)
  An orc priest (D:6)
  6 hounds
  A centaur skeleton (D:5)
  Terence (D:3)
  An iguana (D:4)
  2 worker ants
  A killer bee zombie (D:6)
  Robin (D:2)
  A howler monkey zombie (D:5)
  4 gnolls (D:7)
  8 adders
  2 shadow imps
  3 oozes
  3 adder skeletons
  2 worms
  A leopard gecko (D:5)
  29 orcs
  2 ball pythons (D:1)
  8 giant cockroaches
  12 goblins
  11 hobgoblins
  14 jackals
  3 quokkas
  6 bats
  12 frilled lizards
  2 jackal skeletons
  12 kobolds
  A quokka skeleton (D:7)
  5 rats
188 creatures vanquished.

Notes
Turn   | Place    | Note
-------+----------+-------------------------------------------
     0 | D:1      | n0claF the Centaur Hunter began the quest for the Orb.
     0 | D:1      | Reached XP level 1. HP: 17/17 MP: 1/1
   395 | D:1      | Reached XP level 2. HP: 17/24 MP: 2/2
  1221 | D:2      | Reached XP level 3. HP: 29/30 MP: 3/3
  1273 | D:2      | Found a stormy altar of Qazlal.
  1534 | D:2      | Noticed Robin
  1552 | D:2      | Reached skill level 5 in Crossbows
  1555 | D:2      | Killed Robin
  1555 | D:2      | Reached XP level 4. HP: 22/38 MP: 4/4
  1698 | D:2      | Found a burning altar of Makhleb.
  2371 | D:3      | Found a shimmering altar of Xom.
  2651 | D:3      | Noticed a bullfrog
  2660 | D:3      | Killed a bullfrog
  2660 | D:3      | Reached XP level 5. HP: 27/45 MP: 5/5
  2782 | D:3      | Found an iron altar of Okawaru.
  2788 | D:3      | Became a worshipper of Warmaster Okawaru
  2882 | D:3      | Noticed Terence
  2895 | D:3      | Killed Terence
  3344 | D:4      | Found a glowing silver altar of Zin.
  3384 | D:4      | Reached XP level 6. HP: 47/52 MP: 6/6
  3445 | D:4      | Found a shadowy altar of Dithmenos.
  3527 | D:4      | Reached skill level 6 in Crossbows
  3782 | D:4      | Reached * piety under Okawaru
  3789 | D:4      | Reached XP level 7. HP: 36/60 MP: 7/7
  4089 | D:4      | Found a staircase to the Ecumenical Temple.
  4107 | Temple   | Entered the Ecumenical Temple
  4527 | D:5      | Entered Level 5 of the Dungeon
  4551 | D:5      | Reached skill level 5 in Fighting
  4667 | D:5      | HP: 2/61 [acid (7)]
  4967 | D:5      | Reached ** piety under Okawaru
  4967 | D:5      | Reached skill level 7 in Crossbows
  5374 | D:5      | Reached skill level 1 in Bows
  5620 | D:5      | Found a glowing golden altar of the Shining One.
  5786 | D:6      | Reached XP level 8. HP: 69/69 MP: 8/8
  5923 | D:6      | Noticed Sigmund
  6182 | D:6      | Killed Sigmund
  6872 | D:6      | Reached *** piety under Okawaru
  6968 | D:7      | Reached skill level 8 in Crossbows
  7037 | D:7      | Found an ornate altar of the Wu Jian Council.
  7080 | D:7      | Noticed a hippogriff
  7084 | D:7      | Noticed Prince Ribbit
  7087 | D:7      | Killed a hippogriff
  7118 | D:7      | Killed Prince Ribbit
  7118 | D:7      | Reached skill level 5 in Dodging
  7118 | D:7      | Reached XP level 9. HP: 23/78 MP: 9/9
  7384 | D:7      | Found Fofughaq's Gadget Boutique.
  7451 | D:7      | Reached skill level 5 in Bows
  7554 | D:7      | Reached **** piety under Okawaru
  7554 | D:7      | Received a gift from Okawaru
  7957 | D:7      | Found a hide-covered altar of Uskayaw.
  8170 | D:8      | Slain by a killer bee

Skill      XL: |  1  2  3  4  5  6  7  8  9 |
---------------+----------------------------+-----
Dodging        | 2 3 4 5 |  5.4
Crossbows      | 5 6 7 8 |  8.8
Fighting       | 3 4 5 6 7 |  7.1
Bows           | 1 4 5 |  5.8
Stealth        | |  0.4

Action                   |  1- 3 |  4- 6 |  7- 9 || total
-------------------------+-------+-------+-------++-------
Melee: Short sword       |   130 |   170 |   112 ||   412
       Kick              |    34 |    44 |    37 ||   115
 Fire: Hand crossbow     |       |     2 |       ||     2
       Shortbow          |       |       |   124 ||   124
       Arbalest          |       |       |   168 ||   168
  Use: Scroll            |       |     1 |     1 ||     2
  Eat: Chunk             |     1 |     6 |     6 ||    13
       Ration            |       |       |     2 ||     2
Armor: Leather armour    |    41 |    31 |       ||    72
       Chain mail        |       |    81 |   249 ||   330
Dodge: Dodged            |    51 |    91 |   105 ||   247
